 Dungeon Crawl Stone Soup version 0.28.0-43-g3370ac3207 (webtiles) character file.

Game seed: 9625091842481697856

882 Gabide the Digger (level 8, -14/47 HPs)
             Began as a Gargoyle Earth Elementalist on Mar 4, 2022.
             Killed from afar by a steam dragon (24 damage)
             ... with a ball of steam
             ... on level 6 of the Dungeon.
             The game lasted 00:15:46 (7799 turns).

Gabide the Digger (Gargoyle Earth Elementalist)     Turns: 7799, Time: 00:15:47

Health: -14/47     AC: 12    Str: 12    XL:     8   Next: 5%
Magic:  14/15      EV: 12    Int: 18    God:
Gold:   208        SH:  0    Dex: 10    Spells: 12/16 levels left

rFire   . . .      SeeInvis +   g - +2 quarterstaff (chaos)
rCold   . . .      Faith    .   (shield currently unavailable)
rNeg    + . .      Spirit   .   u - +2 robe {Will+}
rPois   ∞          Reflect  .   v - +0 helmet
rElec   +          Harm     .   k - +0 cloak {Stlth+}
rCorr   .          Rampage  .   (no gloves)
Will    +....                   s - +0 pair of boots
Stlth   +++.......              (no amulet)
HPRegen 0.15/turn               e - ring of see invisible
MPRegen 0.14/turn               (no ring)

@: about to teleport
A: sickness immunity, AC +5, negative energy resistance 1, electricity
resistance, torment resistance 1, petrification resistance
a: no special abilities


You were on level 6 of the Dungeon.
You visited 1 branch of the dungeon, and saw 6 of its levels.

You collected 208 gold pieces.

Inventory:

Hand Weapons
 g - a +2 quarterstaff of chaos (weapon)
Missiles
 l - 44 stones
Armour
 k - a +0 cloak of stealth (worn)
 s - a +0 pair of boots (worn)
 u - a +2 robe of willpower (worn)
 v - a +0 helmet (worn)
Magical Staves
 c - a staff of death
Jewellery
 e - a ring of see invisible (left hand)
 f - an amulet of the acrobat
Wands
 m - a wand of acid (8)
 t - a wand of iceblast (9)
Scrolls
 b - a scroll of amnesia {unknown}
 p - a scroll of immolation {unknown}
 q - 2 scrolls of magic mapping {unknown}
 r - a scroll of enchant weapon
Potions
 a - 2 potions of brilliance {unknown}
 d - 2 potions of degeneration {unknown}
 h - 2 potions of lignification {unknown}
 j - a potion of mutation {unknown}
 n - 4 potions of curing {unknown}
 o - 2 potions of haste {unknown}


   Skills:
 * Level 3.6 Fighting
 * Level 3.3 Dodging
 + Level 2.4 Stealth
 + Level 0.9 Unarmed Combat
 * Level 4.6 Spellcasting
 + Level 1.4 Conjurations
 + Level 0.7 Transmutations
 * Level 6.9 Earth Magic


You had 12 spell levels left.
You knew the following spells:

 Your Spells              Type           Power      Damage    Failure   Level
a - Sandblast             Erth           58%        2d13      1%          1
b - Stone Arrow           Conj/Erth      38%        3d9       8%          3

Your spell library contained the following spells:

 Spells                   Type           Power      Damage    Failure   Level
 Passwall                 Tmut/Erth      14%        N/A       4%          2
 Animate Skeleton         Necr           8%         N/A       14%         1
 Apportation              Tloc           8%         N/A       14%         1
 Summon Small Mammal      Summ           16%        N/A       14%         1
 Petrify                  Tmut/Erth      17%        N/A       28%         4
 Gell's Gravitas          Tloc           4%         N/A       38%         3
 Summon Guardian Golem    Hex/Summ       4%         N/A       38%         3
 Teleport Other           Tloc           4%         N/A       38%         3
 Dispersal                Tloc           2%         N/A       100%        6
 Orb of Destruction       Conj           4%         9d5       100%        7
 Spellforged Servitor     Conj/Summ      3%         N/A       100%        7


Dungeon Overview and Level Annotations

Branches:
Dungeon (6/15)
 Temple: D:4-7

Altars:
Zin

Shops:
D:1 (   D:4 =


Innate Abilities, Weirdness & Mutations

You are immune to sickness and miasma.
Your stone body is resilient. (AC +5)
You are immune to poison.
You resist negative energy. (rN+)
You are resistant to electric shocks. (rElec)
You are resistant to unholy torment.
You are immune to petrification.


Message History

A steam dragon is nearby!
A steam dragon is nearby!
You miscast Stone Arrow.
You are very lightly contaminated with residual magic.
Nothing appears to happen.
The steam dragon hisses angrily.
You don't have enough magic to cast this spell.
You closely miss the steam dragon. The steam dragon breathes steam at you.
The ball of steam misses you.
You hit the steam dragon but do no damage.
The steam dragon seems to grow stronger.
You are engulfed in a cloud of scalding steam.
The steam dragon bites you. The steam dragon claws you.
As you read the scroll of teleportation, it crumbles to dust.
You feel strangely unstable. The steam dragon completely misses you.
The steam dragon barely misses you.
You see here a hound corpse.
Your magical contamination has completely faded away.
Your surroundings suddenly seem different.
You start resting.
A steam dragon is nearby!
A steam dragon is nearby!
A steam dragon is nearby!
You start resting.
A steam dragon is nearby!
A steam dragon is nearby!
A steam dragon is nearby!
The steam dragon hisses angrily.
You can't see any susceptible monsters within range! (Use Z to cast anyway.)
The steam dragon breathes steam at you. The ball of steam hits you!!
As you read the scroll of teleportation, it crumbles to dust.
You feel strangely unstable.
You are engulfed in a cloud of scalding steam.
* * * LOW HITPOINT WARNING * * *
The steam dragon breathes steam at you. The ball of steam hits you!!
Ouch! That really hurt!
You die...

##.....#.....##
.....###.########
.. #.# ..
#.######### ..
#.........# .#
#.........# .#
#.........# .###
#.........#
...#####........@#
.#....#.[......§.#
.####.........D..#
.# #............#
.####...#........#
.#....###........#
...##.# ##########
.##...# .# .###


You could see a steam dragon (catching breath).

Vanquished Creatures
  Duvessa (D:4)
  An ogre (D:4)
  A phantom (D:3)
  Dowan (D:4)
  4 wights
  A jelly (D:5)
  Crazy Yiuf (D:4)
  2 hounds
  2 iguanas
  A gnoll shaman (D:4)
  An orc wizard (D:5)
  3 gnolls
  6 adders
  A white imp (D:5)
  An adder skeleton (D:2)
  3 worms
  4 dart slugs
  6 orcs
  5 ball pythons
  A bat zombie (D:2)
  6 endoplasms
  2 giant cockroaches (D:3)
  5 goblins
  6 hobgoblins
  6 jackals
  2 kobolds (D:1)
  2 quokkas (D:2)
  2 ball python skeletons (D:2)
  3 ball python zombies (D:2)
  5 bats
  4 frilled lizards
  6 rats
95 creatures vanquished.

Notes
Turn   | Place    | Note
-------+----------+-------------------------------------------
     0 | D:1      | Gabide the Gargoyle Earth Elementalist began the quest for
                  | the Orb.
     0 | D:1      | Reached XP level 1. HP: 10/10 MP: 3/3
    55 | D:1      | Reached skill level 4 in Earth Magic
   335 | D:1      | Found Kiazukku's Weapon Shoppe.
   384 | D:1      | Reached XP level 2. HP: 16/16 MP: 3/5
   615 | D:1      | Found a faded altar of an unknown god.
   634 | D:1      | Reached skill level 1 in Fighting
   876 | D:1      | Reached XP level 3. HP: 16/20 MP: 2/6
  1231 | D:1      | Learned a level 3 spell: Stone Arrow
  1556 | D:2      | Reached XP level 4. HP: 25/25 MP: 3/7
  3335 | D:3      | Noticed a phantom
  3349 | D:3      | Killed a phantom
  3350 | D:3      | Reached skill level 5 in Earth Magic
  3350 | D:3      | Reached XP level 5. HP: 9/29 MP: 0/9
  3956 | D:3      | Found a glowing silver altar of Zin.
  4690 | D:4      | Reached skill level 1 in Conjurations
  4690 | D:4      | Reached XP level 6. HP: 26/35 MP: 0/10
  5262 | D:4      | Found a runed translucent door.
  5263 | D:4      | Noticed Crazy Yiuf
  5527 | D:4      | Found Foagorghi's Jewellery Emporium.
  5553 | D:4      | Noticed Duvessa
  5553 | D:4      | Noticed Dowan
  5844 | D:4      | Killed Duvessa
  5845 | D:4      | Reached skill level 6 in Earth Magic
  5846 | D:4      | Killed Dowan
  5847 | D:4      | Reached XP level 7. HP: 41/41 MP: 0/12
  6296 | D:4      | Killed Crazy Yiuf
  6406 | D:5      | Entered Level 5 of the Dungeon
  7448 | D:6      | Reached XP level 8. HP: 37/46 MP: 7/14
  7451 | D:6      | Identified the +1 war axe of Floods {vorpal, rPois MP-9
                  | SInv}
  7799 | D:6      | Killed from afar by a steam dragon

Illustrated notes

Levels and vault maps discovered:
D:1:      roderic_chinese_lattice_arrival, layout_rooms, serial_shops, shop,
          nicolae_ecumenical_lake_church
D:2:      cheibrodos_helix_gallery, layout_basic, serial_undead,
          serial_undead_a, serial_undead_f, serial_undead_a, serial_undead_f,
          minmay_tetromino_i4
D:3:      layout_basic, mainiacjoe_overflow_concentric_impassable,
          wad_floor_pattern_2, amethyst_killhole, dk_noncrumbling_3,
          chequers_serial_rivers_marsh
D:4:      layout_basic, serial_shops, shop, uniq_crazy_yiuf_cottage,
          uniq_duvessa
D:5:      layout_rooms
D:6:      layout_rooms

Skill      XL: |  1  2  3  4  5  6  7 |
---------------+----------------------+-----
Earth Magic    | 4 5 6 |  6.9
Fighting       | 1 2 3 |  3.6
Dodging        | 2 3 |  3.3
Spellcasting   | 3 4 |  4.6
Conjurations   | 1 |  1.4
Stealth        | |  2.4
Unarmed Combat | |  0.9
Transmutations | |  0.7

Action                   |  1- 3 |  4- 6 |  7- 9 || total
-------------------------+-------+-------+-------++-------
Melee: Unarmed           |     7 |    44 |       ||    51
       Quarterstaff      |       |       |     6 ||     6
 Cast: Sandblast         |    45 |    44 |       ||    89
       Stone Arrow       |       |    26 |    28 ||    54
  Use: Scroll            |       |     5 |     5 ||    10
Armor: Robe              |     5 |    17 |     2 ||    24
Dodge: Dodged            |     4 |    56 |     8 ||    68
